| TOP OF THE 1ST |
|
Charlotte Hornets batting - Pitching for Columbus Skeeters : LHP Mark Langston
|
|
Pitching: LHP Mark Langston
|
|
|
Batting: RHB Tom Romano
|
0-0: Ball 1-0: Foul Ball, location: 2F 1-1: Ball 2-1: Foul Ball, location: 2F 2-2: Ball 3-2: Strikes out swinging
|
|
Batting: RHB John O'Rear
|
0-0: Called Strike 0-1: Ball 1-1: Ground out 6-3 (Groundball, 6, EV 83.1 MPH)
|
|
Batting: RHB Ron Johnson
|
0-0: Ball 1-0: Ball 2-0: Foul Ball, location: 2F 2-1: SINGLE (Line Drive, 7S, EV 98.8 MPH)
|
|
Batting: LHB Jesus Diaz
|
0-0: Ball 1-0: Foul Ball, location: 2F 1-1: Ball 2-1: SINGLE (Groundball, 4MD, EV 99.4 MPH) Ron Johnson to second Runner from 2nd tries for 3rd, SAFE, throw by CF made to third
|
|
Batting: RHB Juan Bonilla
|
0-0: Ball 1-0: Hit by Pitch Jesus Diaz to second
|
|
Batting: RHB Barry Lyons
|
0-0: Ball Wild Pitch! Ron Johnson scores Jesus Diaz to third Juan Bonilla to second 1-0: Ball 2-0: Called Strike 2-1: Foul Ball, location: 2F 2-2: Foul Ball, location: 2F 2-2: SINGLE (Flyball, 6D, EV 89.4 MPH) Jesus Diaz scores Juan Bonilla to third Runner from 3rd tries for Home, SAFE, throw by CF to home
|
|
Batting: RHB Mickey Klutts
|
0-0: Swinging Strike 0-1: Foul Ball, location: 2F 0-2: Ball 1-2: Strikes out looking
|
| Top of the 1st over - 3 runs, 3 hits, 0 errors, 1 left on base; Charlotte 3 - Columbus 0 |
| BOTTOM OF THE 1ST |
|
Columbus Skeeters batting - Pitching for Charlotte Hornets : RHP Dale Mohorcic
|
|
Pitching: RHP Dale Mohorcic
|
|
|
Batting: RHB Randolph Ebersberger
|
0-0: Called Strike 0-1: Swinging Strike 0-2: Ball 1-2: Ground out U3 (Groundball, 34S, EV 86.3 MPH)
|
|
Batting: RHB Heri Ramirez
|
0-0: Fly out, F6 (Line Drive, 6, EV 69.4 MPH)
|
|
Batting: RHB Venoy Garrison
|
0-0: Ball 1-0: Ball 2-0: Foul Ball, location: 2F 2-1: Ball 3-1: Base on Balls
|
|
Batting: LHB Sam Horn
|
0-0: Ball 1-0: Called Strike Venoy Garrison steals 2nd base 1-1: Ball 2-1: Fly out, F5 (Popup, 25F, EV 83.1 MPH)
|
| Bottom of the 1st over - 0 runs, 0 hits, 0 errors, 1 left on base; Charlotte 3 - Columbus 0 |
| TOP OF THE 2ND |
|
Charlotte Hornets batting - Pitching for Columbus Skeeters : LHP Mark Langston
|
|
Batting: LHB Steve Macko
|
0-0: Ball 1-0: Called Strike 1-1: Ball 2-1: Ball 3-1: Foul Ball, location: 2F 3-2: Ground out 4-3 (Groundball, 4M, EV 103.8 MPH)
|
|
Batting: LHB Richard Berg
|
0-0: Ground out 3-1 (Groundball, 34S, EV 84.4 MPH)
|
|
Batting: RHB Tom Romano
|
0-0: Ball 1-0: Called Strike 1-1: Foul Ball, location: 2F 1-2: Ball 2-2: Foul Ball, location: 2F 2-2: Ground out 6-3 (Groundball, 6, EV 86.3 MPH)
|
| Top of the 2nd over - 0 runs, 0 hits, 0 errors, 0 left on base; Charlotte 3 - Columbus 0 |
| BOTTOM OF THE 2ND |
|
Columbus Skeeters batting - Pitching for Charlotte Hornets : RHP Dale Mohorcic
|
|
Batting: RHB Joe Redfield
|
0-0: Ball 1-0: Ball 2-0: Called Strike 2-1: Called Strike 2-2: Strikes out looking
|
|
Batting: LHB John Weller
|
0-0: Called Strike 0-1: Foul Ball, location: 2F 0-2: Foul Ball, location: 2F 0-2: Foul Ball, location: 2F 0-2: Ball 1-2: Ball 2-2: Foul Ball, location: 2F 2-2: Fly out, F8 (Flyball, 78XD, EV 105.0 MPH)
|
|
Batting: RHB Danny Sheaffer
|
0-0: Called Strike 0-1: Ball 1-1: Swinging Strike 1-2: Strikes out swinging
|
| Bottom of the 2nd over - 0 runs, 0 hits, 0 errors, 0 left on base; Charlotte 3 - Columbus 0 |
| TOP OF THE 3RD |
|
Charlotte Hornets batting - Pitching for Columbus Skeeters : LHP Mark Langston
|
|
Batting: RHB John O'Rear
|
0-0: Swinging Strike 0-1: Ball 1-1: Ball 2-1: Swinging Strike 2-2: Strikes out swinging
|
|
Batting: RHB Ron Johnson
|
0-0: Ball 1-0: Ball 2-0: Swinging Strike 2-1: Foul Ball, location: 2F 2-2: Foul Ball, location: 2F 2-2: Foul Ball, location: 2F 2-2: Strikes out looking
|
|
Batting: LHB Jesus Diaz
|
0-0: Ground out 4-3 (Groundball, 34, EV 96.9 MPH)
|
| Top of the 3rd over - 0 runs, 0 hits, 0 errors, 0 left on base; Charlotte 3 - Columbus 0 |
| BOTTOM OF THE 3RD |
|
Columbus Skeeters batting - Pitching for Charlotte Hornets : RHP Dale Mohorcic
|
|
Batting: LHB Jay Erdahl
|
0-0: Ball 1-0: Foul Ball, location: 2F 1-1: Fly out, F6 (Flyball, 56D, EV 75.0 MPH)
|
|
Batting: SHB Mike Howard
|
0-0: Ground out 1-3 (Groundball, 34S, EV 75.6 MPH)
|
|
Batting: RHB Randolph Ebersberger
|
0-0: Ball 1-0: Foul Ball, location: 2F 1-1: Ball 2-1: Fly out, F8 (Flyball, 78M, EV 90.0 MPH)
|
| Bottom of the 3rd over - 0 runs, 0 hits, 0 errors, 0 left on base; Charlotte 3 - Columbus 0 |
| TOP OF THE 4TH |
|
Charlotte Hornets batting - Pitching for Columbus Skeeters : LHP Mark Langston
|
|
Batting: RHB Juan Bonilla
|
0-0: Ball 1-0: Ball 2-0: Ground out 6-3 (Groundball, 6, EV 82.5 MPH)
|
|
Batting: RHB Barry Lyons
|
0-0: Ball 1-0: Reached on error, E6 (Groundball, 6, EV 93.1 MPH)
|
|
Batting: RHB Mickey Klutts
|
0-0: Swinging Strike 0-1: Called Strike 0-2: Ball 1-2: Foul Ball, location: 2F 1-2: Foul Ball, location: 2F 1-2: Ball 2-2: Strikes out swinging
|
|
Batting: LHB Steve Macko
|
0-0: Ball 1-0: Ball 2-0: Foul Ball, location: 2F 2-1: Swinging Strike 2-2: Foul Ball, location: 2F 2-2: Ground out 5-3 (Groundball, 56, EV 83.8 MPH)
|
| Top of the 4th over - 0 runs, 0 hits, 1 error, 1 left on base; Charlotte 3 - Columbus 0 |
| BOTTOM OF THE 4TH |
|
Columbus Skeeters batting - Pitching for Charlotte Hornets : RHP Dale Mohorcic
|
|
Batting: RHB Heri Ramirez
|
0-0: SINGLE (Line Drive, 89M, EV 108.1 MPH)
|
|
Batting: RHB Venoy Garrison
|
0-0: Ball Heri Ramirez steals 2nd base 1-0: Foul Ball, location: 2F 1-1: Called Strike 1-2: Ball 2-2: Ground out 5-3 (Groundball, 56S, EV 66.9 MPH) Heri Ramirez to third
|
|
Batting: LHB Sam Horn
|
0-0: Ball 1-0: Ball 2-0: Foul Ball, location: 2F 2-1: Ball 3-1: Ground out 4-3 (Groundball, 34D, EV 100.6 MPH) Heri Ramirez scores
|
|
Batting: RHB Joe Redfield
|
0-0: Ball 1-0: Ball 2-0: Fly out, F6 (Popup, 4MD, EV 58.1 MPH)
|
| Bottom of the 4th over - 1 run, 1 hit, 0 errors, 0 left on base; Charlotte 3 - Columbus 1 |
| TOP OF THE 5TH |
|
Charlotte Hornets batting - Pitching for Columbus Skeeters : LHP Mark Langston
|
|
Batting: LHB Richard Berg
|
0-0: Swinging Strike 0-1: TRIPLE (Line Drive, 89XD, EV 104.4 MPH)
|
|
Batting: RHB Tom Romano
|
0-0: Swinging Strike 0-1: Foul Ball, location: 2F 0-2: Strikes out swinging
|
|
Batting: RHB John O'Rear
|
0-0: Ball 1-0: SINGLE (Groundball, 56, EV 107.5 MPH) Richard Berg scores
|
|
Batting: RHB Ron Johnson
|
0-0: Foul Ball, location: 2F 0-1: SINGLE (Groundball, 56D, EV 97.5 MPH) John O'Rear to second
|
|
Batting: LHB Jesus Diaz
|
0-0: SINGLE (Line Drive, 9S, EV 95.0 MPH) John O'Rear to third Ron Johnson to second Runner from 3rd tries for Home, SAFE, throw by RF to home
|
|
Batting: RHB Juan Bonilla
|
0-0: Ball 1-0: Foul Ball, location: 2F 1-1: Grounds into double play, 6-4-3 (Groundball, 6, EV 95.6 MPH)
|
| Top of the 5th over - 2 runs, 4 hits, 0 errors, 1 left on base; Charlotte 5 - Columbus 1 |
| BOTTOM OF THE 5TH |
|
Columbus Skeeters batting - Pitching for Charlotte Hornets : RHP Dale Mohorcic
|
|
Batting: LHB John Weller
|
0-0: Foul Ball, location: 2F 0-1: Foul Ball, location: 2F 0-2: Ball 1-2: Ball 2-2: Foul Ball, location: 2F 2-2: Ground out 3-1 (Groundball, 34S, EV 78.1 MPH)
|
|
Batting: RHB Danny Sheaffer
|
0-0: Called Strike 0-1: Ground out 6-3 (Groundball, 6, EV 81.3 MPH)
|
|
Batting: LHB Jay Erdahl
|
0-0: Ball 1-0: Called Strike 1-1: Foul Ball, location: 2F 1-2: Ball 2-2: Ground out 6-3 (Groundball, 4MD, EV 102.5 MPH)
|
| Bottom of the 5th over - 0 runs, 0 hits, 0 errors, 0 left on base; Charlotte 5 - Columbus 1 |
| TOP OF THE 6TH |
|
Charlotte Hornets batting - Pitching for Columbus Skeeters : LHP Mark Langston
|
|
Batting: RHB Barry Lyons
|
0-0: Ball 1-0: Called Strike 1-1: Ground out 4-3 (Groundball, 4, EV 88.8 MPH)
|
|
Batting: RHB Mickey Klutts
|
0-0: Foul Ball, location: 2F 0-1: Ground out 6-3 (Groundball, 6S, EV 87.5 MPH)
|
|
Batting: LHB Steve Macko
|
0-0: Ball 1-0: Ground out 6-3 (Groundball, 6, EV 90.0 MPH)
|
| Top of the 6th over - 0 runs, 0 hits, 0 errors, 0 left on base; Charlotte 5 - Columbus 1 |
| BOTTOM OF THE 6TH |
|
Columbus Skeeters batting - Pitching for Charlotte Hornets : RHP Dale Mohorcic
|
|
Batting: SHB Mike Howard
|
0-0: Called Strike 0-1: Called Strike 0-2: Strikes out looking
|
|
Batting: RHB Randolph Ebersberger
|
0-0: Ball 1-0: Foul Ball, location: 2F 1-1: Ball 2-1: Fly out, F8 (Flyball, 8RD, EV 100.0 MPH)
|
|
Batting: RHB Heri Ramirez
|
0-0: Called Strike 0-1: Ball 1-1: Foul Ball, location: 2F 1-2: Foul Ball, location: 2F 1-2: Fly out, F8 (Flyball, 8RM, EV 80.6 MPH)
|
| Bottom of the 6th over - 0 runs, 0 hits, 0 errors, 0 left on base; Charlotte 5 - Columbus 1 |
| TOP OF THE 7TH |
|
Charlotte Hornets batting - Pitching for Columbus Skeeters : LHP Mark Langston
|
|
Batting: LHB Richard Berg
|
0-0: Foul Ball, location: 2F 0-1: Swinging Strike 0-2: Ball 1-2: SINGLE (Line Drive, 78S, EV 106.9 MPH)
|
|
Batting: RHB Tom Romano
|
0-0: Called Strike 0-1: Ball 1-1: Fly out, F9 (Flyball, 9LM, EV 89.4 MPH)
|
|
Batting: RHB John O'Rear
|
0-0: Ball 1-0: Ball 2-0: Fly out, F7 (Flyball, 7D, EV 101.3 MPH)
|
|
Batting: RHB Ron Johnson
|
0-0: Called Strike Richard Berg steals 2nd base 0-1: Swinging Strike 0-2: Foul Ball, location: 2F 0-2: Fly out, F7 (Line Drive, 7D, EV 93.1 MPH)
|
| Top of the 7th over - 0 runs, 1 hit, 0 errors, 1 left on base; Charlotte 5 - Columbus 1 |
| BOTTOM OF THE 7TH |
|
Columbus Skeeters batting - Pitching for Charlotte Hornets : RHP Dale Mohorcic
|
|
Batting: RHB Venoy Garrison
|
0-0: Called Strike 0-1: Foul Ball, location: 2F 0-2: Strikes out swinging, 2-3 out at first.
|
|
Batting: LHB Sam Horn
|
0-0: Foul Ball, location: 2F 0-1: Ball 1-1: SINGLE (Line Drive, 89S, EV 105.0 MPH)
|
|
Batting: RHB Joe Redfield
|
0-0: Swinging Strike 0-1: Swinging Strike 0-2: Ball 1-2: Ball 2-2: Foul Ball, location: 2F 2-2: Strikes out swinging
|
|
Batting: LHB John Weller
|
0-0: Foul Ball, location: 2F 0-1: Called Strike 0-2: Foul Ball, location: 2F 0-2: Hit by Pitch Sam Horn to second
|
|
Pitching: RHP Jorge Solano
|
|
|
Batting: RHB Danny Sheaffer
|
0-0: Swinging Strike 0-1: Foul Ball, location: 2F 0-2: Ground out 4-3 (Groundball, 4, EV 88.8 MPH)
|
| Bottom of the 7th over - 0 runs, 1 hit, 0 errors, 2 left on base; Charlotte 5 - Columbus 1 |
| TOP OF THE 8TH |
|
Charlotte Hornets batting - Pitching for Columbus Skeeters : LHP Mark Langston
|
|
Batting: LHB Jesus Diaz
|
0-0: SINGLE (Groundball, 6D, EV 96.3 MPH)
|
|
Batting: RHB Juan Bonilla
|
0-0: Called Strike 0-1: Ball 1-1: Ball 2-1: Called Strike 2-2: Foul Ball, location: 2F 2-2: Fly out, F8 (Flyball, 8RD, EV 100.0 MPH)
|
|
Batting: RHB Barry Lyons
|
0-0: Called Strike 0-1: Fly out, F6 (Popup, 6MS, EV 81.9 MPH)
|
|
Batting: RHB Mickey Klutts
|
0-0: Ball 1-0: Foul Ball, location: 2F 1-1: Foul Ball, location: 2F 1-2: Ball 2-2: Ball 3-2: Strikes out swinging
|
| Top of the 8th over - 0 runs, 1 hit, 0 errors, 1 left on base; Charlotte 5 - Columbus 1 |
| BOTTOM OF THE 8TH |
|
Columbus Skeeters batting - Pitching for Charlotte Hornets : RHP Jorge Solano
|
|
Batting: LHB Jay Erdahl
|
0-0: Foul Ball, location: 2F 0-1: Ball 1-1: Ball 2-1: Ball 3-1: Foul Ball, location: 2F 3-2: Strikes out swinging
|
|
Batting: SHB Mike Howard
|
0-0: TRIPLE (Flyball, 89XD, EV 93.1 MPH)
|
|
Batting: RHB Randolph Ebersberger
|
0-0: Called Strike 0-1: Ball 1-1: Ball 2-1: Ground out 4-3 (Groundball, 4, EV 90.6 MPH) Mike Howard scores
|
|
Batting: RHB Heri Ramirez
|
0-0: Ball 1-0: Called Strike 1-1: Ball 2-1: Ball 3-1: Fly out, F7 (Flyball, 78M, EV 73.1 MPH)
|
| Bottom of the 8th over - 1 run, 1 hit, 0 errors, 0 left on base; Charlotte 5 - Columbus 2 |
| TOP OF THE 9TH |
|
Charlotte Hornets batting - Pitching for Columbus Skeeters : LHP Mark Langston
|
|
Pitching: LHP Alejandro Arboleda
|
|
|
Batting: LHB Steve Macko
|
0-0: Ball 1-0: Ball 2-0: Ball 3-0: Base on Balls
|
|
Batting: LHB Richard Berg
|
0-0: Ball 1-0: Ball 2-0: Called Strike 2-1: Ball 3-1: Base on Balls Steve Macko to second
|
|
Batting: RHB Tom Romano
|
0-0: Called Strike 0-1: Grounds into double play, 6-4-3 (Groundball, 6, EV 98.8 MPH) Steve Macko to third
|
|
Batting: RHB John O'Rear
|
0-0: Ball 1-0: Called Strike 1-1: Swinging Strike 1-2: Strikes out swinging
|
| Top of the 9th over - 0 runs, 0 hits, 0 errors, 1 left on base; Charlotte 5 - Columbus 2 |
| BOTTOM OF THE 9TH |
|
Columbus Skeeters batting - Pitching for Charlotte Hornets : RHP Jorge Solano
|
|
Batting: RHB Venoy Garrison
|
0-0: Foul Ball, location: 2F 0-1: Ball 1-1: Ball 2-1: Swinging Strike 2-2: Fly out, F5 (Line Drive, 5, EV 72.5 MPH)
|
|
Batting: LHB Sam Horn
|
0-0: Called Strike 0-1: Ball 1-1: Ball 2-1: Ball 3-1: Base on Balls
|
|
Batting: RHB Joe Redfield
|
0-0: Ball 1-0: Ball 2-0: Ball 3-0: Base on Balls Sam Horn to second
|
|
Pitching: RHP Victor Bernal
|
|
|
Batting: LHB John Weller
|
0-0: Ball 1-0: Ball 2-0: Foul Ball, location: 2F 2-1: Ball 3-1: Swinging Strike 3-2: Strikes out swinging
|
|
Batting: RHB Danny Sheaffer
|
0-0: Foul Ball, location: 2F 0-1: Ball 1-1: Ball 2-1: Ball 3-1: Base on Balls Sam Horn to third Joe Redfield to second
|
|
Batting: LHB Jay Erdahl
|
0-0: Ball 1-0: Ball 2-0: Foul Ball, location: 2F 2-1: Called Strike 2-2: Fly out, F8 (Flyball, 78S, EV 81.9 MPH)
|
| Bottom of the 9th over - 0 runs, 0 hits, 0 errors, 3 left on base; Charlotte 5 - Columbus 2 |
|